 Dungeon Crawl Stone Soup version 0.31-a0-187-gba352fbbf7 (webtiles) character file.

Game seed: 13256496040757909496

633 qw the Skirmisher (level 7, -8/40 HPs)
             Began as a Deep Elf Hunter on June 22, 2023.
             Was an Initiate of Okawaru.
             Shot with an arrow by a centaur (9 damage)
             ... on level 5 of the Dungeon.
             The game lasted 00:01:06 (2951 turns).

qw the Skirmisher (Deep Elf Hunter)                 Turns: 2951, Time: 00:01:07

Health: -8/40      AC:  5    Str: 10    XL:     7   Next: 24%
Magic:  9/9        EV: 13    Int: 14    God:    Okawaru [......]
Gold:   204        SH:  0    Dex: 24    Spells: 6/6 levels left

rFire   . . .        j - +0 shortbow (heavy)
rCold   . . .        (shield currently unavailable)
rNeg    . . .        g - +0 ring mail
rPois   .            (no helmet)
rElec   .            (no cloak)
rCorr   .            (no gloves)
SInv    .            (no boots)
Will    .....        (no amulet)
Stlth   ++           n - +6 ring of dexterity
HPRegen 0.26/turn    (no ring)
MPRegen 0.11/turn

%: no passive effects
@: no status effects
A: no striking features
a: Renounce Religion


You were on level 5 of the Dungeon.
You worshipped Okawaru.
Okawaru was noncommittal.
You visited 2 branches of the dungeon, and saw 6 of its levels.

You collected 204 gold pieces.


   Skills:
 - Level 2.4 Fighting
 + Level 10.4 Ranged Weapons
 - Level 4.5 Dodging
 - Level 1.2 Stealth


You had 6 spell levels left.
You didn't know any spells.
Your spell library was empty.

Inventory:

Hand Weapons
 j - a +0 heavy shortbow (weapon)
Armour
 g - a +0 ring mail (worn)
Jewellery
 d - a ring of positive energy
 n - a +6 ring of dexterity (left hand)
Scrolls
 a - 3 scrolls of identify
Potions
 c - a potion of magic {unknown}
 e - a potion of resistance
 k - a potion of enlightenment {unknown}

Dungeon Overview and Level Annotations

Branches:
Dungeon (5/15)             Temple (1/1) D:4

Altars:
Ashenzari
Cheibriados
Elyvilon
Fedhas
Hepliaklqana
Kikubaaqudgha
Makhleb
Nemelex Xobeh
Okawaru
Qazlal
Ru
Trog
Uskayaw
Vehumet
Wu Jian
Xom
Yredelemnul
Zin
The Shining One

Annotations:
D:5 Pikel


Message History

You are no longer poisoned.
Pikel, Merchant of Souls comes into view.
He is wielding a +2 whip of flaming.
A lemure comes into view.
2944 ||| FLEEEEING.
Pikel shouts!
Enter note:
Enter note:
2945 ||| FLEEEEING.
A scorpion comes into view.
2946 ||| FLEEEEING.
Enter note:
Enter note:
2947 ||| FLEEEEING.
A centaur comes into view.
Found a wand of charming (9).
Enter note:
Enter note: You shoot an arrow.
The lemure shouts!
The arrow hits the lemure.
The lemure is lightly wounded.
You shoot an arrow.
The arrow hits the lemure but does no damage.
The lemure is lightly wounded.
A shadow imp comes into view.
The lemure hits you.
You shoot an arrow. The shadow imp shouts!
The arrow hits the lemure!
The lemure is moderately wounded.
The centaur wields a +0 shortbow.
The centaur shoots an arrow.
The arrow hits you.
The centaur shoots an arrow.
The arrow hits you!
Pikel hits you with a +2 whip of flaming.
Pikel burns you. The lemure barely misses you.
2951 ||| DRINKING potion of heal wounds.
You feel much better.
The centaur shoots an arrow.
The arrow hits you.
Pikel hits you with a +2 whip of flaming!
Pikel burns you.
The centaur shoots an arrow.
The arrow hits you!
You die...

.......#.# ##.....>.##.##.
.......#.# #.......###.#
.......$.####...........#
.........##...........#..
......5...................
..?......#........#....#.
........s#........#....#
..#...#5.5....#...##.....
### ##K@........# .....
#............ ...
.....<.........
......#..........
#........####.....
#c........# ....
#........## #......./.


You could see Pikel, 2 lemures, a centaur, a scorpion and a shadow imp.

Vanquished Creatures
  A black bear (D:4)
  An ogre (D:4)
  2 lemures (D:5)
  A kobold brigand (D:4)
  A hound (D:5)
  An iguana (D:5)
  Jessica (D:3)
  A gnoll bouda (D:4)
  12 adders
  7 gnolls (D:4)
  3 worms
  4 dart slugs
  6 orcs
  3 ball pythons
  9 endoplasms
  3 giant cockroaches
  11 goblins
  3 hobgoblins
  7 jackals (D:2)
  5 kobolds
  4 quokkas
  5 bats
  2 frilled lizards
  4 rats
97 creatures vanquished.

Notes
Turn   | Place    | Note
-------+----------+-------------------------------------------
     0 | D:1      | qw the Deep Elf Hunter began the quest for the Orb.
     0 | D:1      | Reached XP level 1. HP: 12/12 MP: 3/3
     0 | D:1      | 0 ||| qw: Version: 0.3-a-9-g12657ce
     0 | D:1      | 0 ||| qw: Game counter: 1952
     0 | D:1      | 0 ||| qw: Always use a shield: true
     0 | D:1      | 0 ||| qw: God list: Okawaru
     0 | D:1      | 0 ||| qw: Allow faded altars: false
     0 | D:1      | 0 ||| qw: Do Orc after D:15 true
     0 | D:1      | 0 ||| qw: Do second Lair branch before Depths: true
     0 | D:1      | 0 ||| qw: Lair rune preference: random
     0 | D:1      | 0 ||| qw: Plans: Normal
     0 | D:1      | 0 ||| PLANNING D:1-11
   235 | D:1      | Reached XP level 2. HP: 16/16 MP: 4/4
   241 | D:1      | Reached skill level 6 in Ranged Weapons
   325 | D:1      | You fall into a shaft and drop 1 floor!
   349 | D:2      | Reached XP level 3. HP: 8/20 MP: 5/5
   449 | D:2      | Reached skill level 7 in Ranged Weapons
   485 | D:2      | 485 ||| UPGRADING to +0 ring mail.
   495 | D:2      | 495 ||| DROPPING +0 leather armour.
   496 | D:2      | 496 ||| UPGRADING to +6 ring of dexterity.
   497 | D:2      | 497 ||| READING 2 scrolls labelled TIUCKU LILI.
   498 | D:2      | 498 ||| READING scroll labelled EJEUROTUMI.
   499 | D:2      | 499 ||| READING scroll labelled SUPPOO BEGEAX.
   500 | D:2      | 500 ||| READING scroll labelled FAMUINIMMA.
   505 | D:2      | 505 ||| READING scroll labelled XARE IKURR.
   506 | D:2      | 506 ||| READING scroll labelled PUADUC LERE.
   507 | D:2      | 507 ||| DRINKING 2 blue potions.
   508 | D:2      | 508 ||| DROPPING scroll of butterflies.
   743 | D:2      | 743 ||| STAIRDANCE
   745 | D:1      | HP: 5/20 [frozen (3)]
   746 | D:1      | 746 ||| DRINKING potion of heal wounds.
   800 | D:2      | Reached XP level 4. HP: 18/25 MP: 6/6
  1181 | D:3      | Reached skill level 8 in Ranged Weapons
  1234 | D:3      | Noticed Jessica
  1235 | D:3      | Killed Jessica
  1236 | D:3      | Reached skill level 3 in Dodging
  1242 | D:3      | Reached XP level 5. HP: 26/29 MP: 7/7
  1830 | D:3      | 1830 ||| READING scroll labelled TEXARATHRAS.
  1831 | D:3      | 1831 ||| READING scroll labelled RIMIRUJU RIOK.
  1932 | D:3      | 1932 ||| READING scroll labelled COVAFUTSEI.
  1933 | D:3      | 1933 ||| READING 3 scrolls of identify.
  1933 | D:3      | 1933 ||| IDENTIFYING viscous puce potion
  1934 | D:3      | 1934 ||| READING 2 scrolls of identify.
  1934 | D:3      | 1934 ||| IDENTIFYING metallic golden potion
  1935 | D:3      | 1935 ||| DROPPING potion of lignification.
  1955 | D:4      | Noticed an ogre
  1957 | D:4      | Killed an ogre
  1958 | D:4      | Reached skill level 9 in Ranged Weapons
  1986 | D:4      | Reached XP level 6. HP: 36/36 MP: 8/8
  2345 | D:4      | Found a staircase to the Ecumenical Temple.
  2346 | D:4      | 2346 ||| PLANNING TEMPLE
  2354 | Temple   | Entered the Ecumenical Temple
  2355 | Temple   | 2355 ||| PLANNING OKAWARU WORSHIP
  2390 | Temple   | Became a worshipper of Warmaster Okawaru
  2391 | Temple   | 2391 ||| PLANNING D:1-11
  2589 | D:4      | Reached skill level 10 in Ranged Weapons
  2710 | D:4      | Reached XP level 7. HP: 20/40 MP: 9/9
  2801 | D:5      | Entered Level 5 of the Dungeon
  2802 | D:5      | 2802 ||| Stepping ~*~*~tactically~*~*~ (outnumbered).
  2809 | D:5      | HP: 10/40 [kobold/+0 dagger (1)]
  2810 | D:5      | 2810 ||| READING scroll of teleportation.
  2811 | D:5      | 2811 ||| DRINKING 2 potions of heal wounds.
  2943 | D:5      | Noticed Pikel
  2944 | D:5      | 2944 ||| FLEEEEING.
  2945 | D:5      | 2945 ||| FLEEEEING.
  2946 | D:5      | 2946 ||| FLEEEEING.
  2947 | D:5      | 2947 ||| FLEEEEING.
  2950 | D:5      | HP: 10/40 [Pikel/+2 whip of flaming (5)]
  2951 | D:5      | 2951 ||| DRINKING potion of heal wounds.
  2951 | D:5      | HP: 1/40 [Pikel/+2 whip of flaming (6)]
  2951 | D:5      | Shot with an arrow by a centaur

Levels and vault maps discovered:
D:1:      onia_arrival_pyramid, layout_basic, minmay_misc_feat_chi, st_stairs_7
D:2:      layout_rooms, serial_rivers, chequers_serial_rivers_micro_c,
          chequers_serial_rivers_micro_b, chequers_serial_rivers_micro_c,
          chequers_serial_rivers_micro_e
D:3:      layout_loops_ring, uniq_jessica
D:4:      minmay_wonky_spiral, layout_loops_ring, minmay_temple_entry_crystal_x
D:5:      layout_cave_pools, serial_shops, shop, glass_columns_c, uniq_pikel
Temple:   hellmonk_temple_of_storms

Skill      XL: |  1  2  3  4  5  6 |
---------------+-------------------+-----
Ranged Weapons | 6 7 8 9 10 | 10.4
Dodging        | 3 4 |  4.5
Fighting       | 2 |  2.4
Stealth        | |  1.2

Action                     |  1- 3 |  4- 6 |  7- 9 || total
---------------------------+-------+-------+-------++-------
   Fire: Shortbow          |    87 |   114 |    34 ||   235
    Use: Scroll            |     6 |     5 |     1 ||    12
         Potion            |     2 |       |     2 ||     4
 Armour: Ring mail         |    26 |    13 |    16 ||    55
         Leather armour    |     1 |       |       ||     1
  Dodge: Dodged            |    25 |    29 |    32 ||    86

Table legend:
 A = Non-vault XP
 B = Vault XP
 C = Vault XP percentage of total XP
 D = Non-vault monster count
 E = Vault monster count
 F = Vault count percentage of total count
                 A         B        C        D         E       F
            +---------+---------+-------+---------+---------+-------
      Total |     863 |      42 |   4.6 |      92 |       3 |   3.2
            +---------+---------+-------+---------+---------+-------
        D:1 |      33 |       0 |   0.0 |      18 |       0 |   0.0
        D:2 |      90 |       0 |   0.0 |      26 |       0 |   0.0
        D:3 |     101 |      37 |  26.8 |      19 |       1 |   5.0
        D:4 |     537 |       5 |   0.9 |      23 |       2 |   8.0
        D:5 |     102 |       0 |   0.0 |       6 |       0 |   0.0
            +---------+---------+-------+---------+---------+-------
